 Dungeon Crawl Stone Soup version 0.31-a0-210-gccc998df9b (webtiles) character file.

Game seed: 6648419793145917732

6808 123456 the Fighter (level 10, -6/97 HPs)
             Began as a Minotaur Fighter on June 29, 2023.
             Was an Initiate of Gozag.
             Mangled by an ogre mage
             ... wielding a +0 halberd
              (17 damage)
             ... on level 10 of the Dungeon.
             The game lasted 00:14:14 (10321 turns).

123456 the Fighter (Minotaur Fighter)              Turns: 10321, Time: 00:14:16

Health: -6/97      AC: 15    Str: 25    XL:     10   Next: 77%
Magic:  9/9        EV:  7    Int:  5    God:    Gozag
Gold:   71         SH: 11    Dex: 15    Spells: 9/9 levels left

rFire   + + .        w - +2 whip (venom)
rCold   + . .        a - +0 kite shield
rNeg    + + +        A - +0 plate armour
rPois   +            i - +0 hat
rElec   +            (no cloak)
rCorr   +            o - +0 pair of gloves
SInv    .            n - +1 pair of boots
Will    +....        (no amulet) Stlth
                     F - ring "Paome" {Drain rPois rF+ rN+++ Dex+5}
HPRegen 0.36/turn    p - +4 ring of slaying
MPRegen 0.11/turn

%: no passive effects
@: mighty, about to teleport, resistant, enlightened, flying, invisible
A: horns 2, retaliatory headbutt
a: Renounce Religion, Potion Petition, Call Merchant, Bribe Branch


You were on level 10 of the Dungeon.
You worshipped Gozag.
Gozag was noncommittal.
You visited 1 branch of the dungeon, and saw 10 of its levels.

You collected 1633 gold pieces.
You paid 1562 gold pieces to Gozag.

Inventory:

Hand Weapons
 s - a +2 morningstar
 w - a +2 whip of venom (weapon)
Armour
 a - a +0 kite shield (worn)
 i - a +0 hat (worn)
 n - a +1 pair of boots (worn)
 o - a +0 pair of gloves (worn)
 A - a +0 plate armour (worn)
Jewellery
 m - a ring of flight
 p - a +4 ring of slaying (right hand)
 r - a ring of protection from fire
 C - a ring of resist corrosion
 D - a ring of wizardry
 E - the ring "Mesungar" {Wiz Int+2}
   (You found it on level 8 of the Dungeon)

   [ring of wizardry]

   It improves your spell success rate.
   Int:       It affects your intelligence (+2).
 F - the ring "Paome" (left hand) {Drain rPois rF+ rN+++ Dex+5}
   (You found it on level 8 of the Dungeon)

   [ring of protection from fire]

   Dex:       It affects your dexterity (+5).
   rF:        It protects you from fire.
   rPois:     It protects you from poison.
   rN:        It renders you almost immune to negative energy.
   Drain:     It drains your maximum health when unequipped.
Wands
 j - a wand of charming (22)
Scrolls
 b - a scroll of fog {unknown}
 c - a scroll of poison {unknown}
 e - 3 scrolls of revelation
 f - 3 scrolls of teleportation
 t - 3 scrolls of fear {unknown}
 u - a scroll of torment {unknown}
 v - a scroll of noise {unknown}
 y - 2 scrolls of enchant armour {unknown}
Potions
 d - a potion of might
 g - a potion of invisibility
 h - 3 potions of curing
 k - a potion of berserk rage {unknown}
 l - 2 potions of magic
 q - 3 potions of attraction
 x - a potion of brilliance {unknown}
 z - 2 potions of heal wounds {unknown}
 B - a potion of haste {unknown}
 G - a potion of lignification {unknown}
 H - a potion of cancellation {unknown}


   Skills:
 * Level 12.1 Fighting
 * Level 11.8 Maces & Flails
 - Level 5.2 Armour
 - Level 3.2 Dodging
 + Level 5.1 Stealth
 + Level 7.8 Shields


You had 9 spell levels left.
You didn't know any spells.
Your spell library contained the following spells:

 Spells                   Type           Power      Damage    Failure   Level
 Cigotuvi's Dreadful Rot  Necr/Pois/Air  0%         N/A       100%        2
 Ignite Poison            Fire/Tmut/Pois 0%         N/A       100%        3
 Inner Flame              Hex/Fire       0%         N/A       100%        3
 Ozocubu's Armour         Ice            0%         N/A       100%        3
 Cause Fear               Hex            0%         N/A       100%        4
 Leda's Liquefaction      Hex/Erth       0%         N/A       100%        4
 Freezing Cloud           Conj/Ice/Air   0%         6-21      100%        5
 Eringya's Noxious Bog    Tmut/Pois      0%         N/A       100%        6
 Ozocubu's Refrigeration  Ice            0%         4d7       100%        7


Dungeon Overview and Level Annotations

Branches:
Dungeon (10/15)            Temple (0/1) D:5
   Lair: D:8-11         Orc: D:9-12

Altars:
Ashenzari
Gozag
Hepliaklqana
Qazlal
Xom


Innate Abilities, Weirdness & Mutations

You have a pair of horns on your head.
You reflexively headbutt those who attack you in melee.


Message History

The purple ugly thing gurgles horribly!
You barely miss the centaur warrior.
The centaur warrior is moderately wounded.
The purple ugly thing gurgles horribly!
The ogre mage casts a spell at you. The bolt of magma hits you.
You partially resist. The centaur warrior hits you!
You block the centaur warrior's attack.
The purple ugly thing gurgles horribly!
The purple ugly thing trunk-slaps you! The centaur warrior hits you.
* * * LOW HITPOINT WARNING * * *
The centaur warrior kicks you but does no damage.
The ogre mage casts a spell at you. The bolt of magma hits you!
You partially resist.
* * * LOW HITPOINT WARNING * * *
Okay, then. [a] - 832 gold - brilliance, magic, haste and resistance [b] - 330 gold - resistance and enlightenment [c] - 448 gold - might, brilliance and invisibility Purchase which effect?
You no longer have enough gold to petition Gozag for potion effects.
You feel protected.
You feel very buoyant.
You fly up into the air.
The centaur warrior hits you but does no damage.
You block the centaur warrior's attack.
You block the purple ugly thing's attack.
The ogre mage barely misses you. The centaur warrior hits you.
* * * LOW HITPOINT WARNING * * *
The centaur warrior kicks you.
* * * LOW HITPOINT WARNING * * *
As you read the scroll of teleportation, it crumbles to dust.
You feel strangely unstable.
You block the purple ugly thing's attack.
You block the centaur warrior's attack. x2
You feel better. The centaur warrior hits you.
* * * LOW HITPOINT WARNING * * *
The centaur warrior completely misses you.
You block the purple ugly thing's attack.
The ogre mage hits you with a +0 halberd!
You die...
Your body crumbles into a pile of gold.

#### ...###... ## ....#... ...
...##.. ... #...#.###########
##.. #...#.#..#.......
.#..|.#...#.#..#.....#
...}..O@..#.#..#.....# $
#.)..#uc#......#.....# #..
#.D#...).)#.....## #
....#.....)'.......
......##..##).#....... .
...####....#..#....... ...##
...........#..#....###
..##....#####.....#..#..#....#
..#............##+#..####....#


You could see a five-headed hydra (unable to see you), a purple ugly thing
(unable to see you), a centaur warrior (unable to see you, extremely poisoned)
and an ogre mage.

Vanquished Creatures
  A hydra (D:8)
  A two-headed ogre (D:8)
  A tengu warrior (D:8)
  A skeletal warrior (D:9)
  A deep elf pyromancer (D:9)
  A komodo dragon (D:8)
  A troll (D:8)
  2 wraiths
  2 wyverns (D:8)
  2 water moccasins (D:8)
  An orc warrior (D:10)
  2 sky beasts
  A black bear (D:6)
  An ogre (shapeshifter) (D:8)
  2 ogres
  4 centaurs (D:8)
  A kobold brigand (D:8)
  2 bullfrogs
  A gnoll sergeant (D:8)
  A scorpion (D:4)
  7 wights
  3 killer bees (D:8)
  2 howler monkeys (D:4)
  2 gnoll boudas
  4 hounds
  4 orc priests
  Jessica (D:3)
  3 iguanas (D:4)
  12 orc wizards
  Robin (D:4)
  5 adders
  13 gnolls
  3 shadow imps
  A white imp (D:6)
  An ufetubus (D:4)
  2 dart slugs
  31 orcs
  4 endoplasms
  6 giant cockroaches
  13 hobgoblins
  3 jackals (D:3)
  3 quokkas
  7 ball pythons
  4 bats
  2 frilled lizards
  20 goblins
  11 kobolds
  3 rats
200 creatures vanquished.

Notes
Turn   | Place    | Note
-------+----------+-------------------------------------------
     0 | D:1      | 123456 the Minotaur Fighter began the quest for the Orb.
     0 | D:1      | Reached XP level 1. HP: 19/19 MP: 0/0
   256 | D:1      | Reached XP level 2. HP: 19/27 MP: 1/1
   426 | D:1      | Reached skill level 4 in Fighting
   823 | D:2      | Reached XP level 3. HP: 33/33 MP: 2/2
   861 | D:2      | Reached skill level 1 in Dodging
  1567 | D:3      | Noticed Jessica
  1568 | D:3      | Found a faded altar of an unknown god.
  1569 | D:3      | Found a hazy altar of Hepliaklqana.
  1570 | D:3      | Killed Jessica
  1571 | D:3      | Reached XP level 4. HP: 41/41 MP: 3/3
  1699 | D:3      | Reached skill level 5 in Fighting
  1699 | D:3      | Reached XP level 5. HP: 24/48 MP: 4/4
  1841 | D:3      | Found an opulent altar of Gozag.
  1852 | D:3      | Became a worshipper of Gozag Ym Sagoz the Greedy
  1935 | D:3      | Found a stormy altar of Qazlal.
  2355 | D:4      | Noticed Robin
  2366 | D:4      | Reached XP level 6. HP: 48/56 MP: 5/5
  2373 | D:4      | Killed Robin
  2523 | D:4      | Reached skill level 5 in Maces & Flails
  2531 | D:4      | Reached skill level 6 in Fighting
  2763 | D:4      | Identified the +3 leather armour of Darkness {rPois Int+2}
  3325 | D:4      | Reached skill level 5 in Armour
  3341 | D:4      | Reached XP level 7. HP: 39/63 MP: 6/6
  3777 | D:5      | Entered Level 5 of the Dungeon
  4268 | D:5      | Found a staircase to the Ecumenical Temple.
  4860 | D:6      | Reached skill level 7 in Fighting
  4860 | D:6      | Reached skill level 1 in Stealth
  5135 | D:6      | Reached XP level 8. HP: 73/73 MP: 7/7
  6118 | D:7      | Reached skill level 8 in Fighting
  6400 | D:7      | Reached skill level 5 in Shields
  7312 | D:8      | Found a large runed translucent door.
  7313 | D:8      | Found a large runed translucent door.
  7328 | D:8      | Reached skill level 9 in Fighting
  7328 | D:8      | Found a broken altar of Ashenzari.
  7333 | D:8      | Reached XP level 9. HP: 75/83 MP: 8/8
  7427 | D:8      | Found a shimmering altar of Xom.
  8170 | D:8      | Noticed a troll
  8170 | D:8      | Noticed a komodo dragon
  8171 | D:8      | Noticed a tengu warrior
  8171 | D:8      | Noticed a two-headed ogre
  8172 | D:8      | Noticed an eight-headed hydra
  8181 | D:8      | Killed a troll
  8182 | D:8      | Reached skill level 10 in Fighting
  8188 | D:8      | Killed a tengu warrior
  8189 | D:8      | Reached skill level 10 in Maces & Flails
  8194 | D:8      | Killed an eight-headed hydra
  8195 | D:8      | Reached XP level 10. HP: 68/94 MP: 9/9
  8200 | D:8      | Killed a two-headed ogre
  8201 | D:8      | Reached skill level 11 in Fighting
  8217 | D:8      | Identified the ring "Mesungar" {Wiz Int+2}
  8219 | D:8      | Identified the +4 glaive "Ojaergh" {spect, rF+}
  8220 | D:8      | Identified the ring "Paome" {Drain rPois rF+ rN+++ Dex+5}
  8228 | D:8      | Identified the +1 leather armour of the Sun {Harm Will+}
  8781 | D:9      | Noticed a skeletal warrior
  8789 | D:9      | Noticed a skeletal warrior
  8792 | D:9      | Noticed a skeletal warrior
  8812 | D:9      | Killed a skeletal warrior
  8817 | D:9      | Noticed a skeletal warrior
  9532 | D:9      | Reached skill level 5 in Stealth
  9817 | D:9      | Noticed a deep elf pyromancer
  9823 | D:9      | Killed a deep elf pyromancer
  9824 | D:9      | Reached skill level 12 in Fighting
  9836 | D:9      | Got Xucel's Vellum of Guile and Impurities
 10239 | D:10     | Entered Level 10 of the Dungeon
 10308 | D:10     | Noticed an ogre mage
 10308 | D:10     | Noticed a centaur warrior
 10308 | D:10     | Noticed a purple ugly thing
 10308 | D:10     | Noticed a five-headed hydra
 10319 | D:10     | HP: 4/97 [centaur warrior (1)]
 10321 | D:10     | Mangled by an ogre mage

Illustrated notes

Levels and vault maps discovered:
D:1:      erik_arrival_orb_chamber, layout_basic
D:2:      layout_basic
D:3:      layout_basic, nicolae_gozag_seed_capital,
          nicolae_qazlal_eye_of_the_storm, beargit_hepliaklqana_dungeon_heroes,
          chequers_serial_rivers_room_b, cheibrodos_gnoll_hut
D:4:      corexii_shantytown, layout_basic, glass_columns_c, uniq_robin
D:5:      layout_cave_pods, temple_green
D:6:      layout_loops_ring, minmay_a_box_with_orc_wizards_in_it
D:7:      layout_loops_ring, minmay_small_thing
D:8:      minmay_the_grid_triangle_9x9_rhombus_full
          [minmay_the_grid_triangle_9x9_pentomino_pain,
          minmay_the_grid_triangle_9x9_swiss_cheese,
          minmay_the_grid_triangle_9x9_skeleton,
          minmay_the_grid_triangle_9x9_corruption,
          minmay_the_grid_triangle_9x9_zippers_vertical,
          minmay_the_grid_triangle_9x9_corrupted_corridor,
          minmay_the_grid_triangle_9x9_minimal,
          minmay_the_grid_triangle_9x9_prize_insulated], layout_cave_pods,
          jmf_multi_god_temple2, solitary_fountain
D:9:      layout_basic, guppyfry_early_elven_hall
D:10:     layout_grid_maze, david_orc_5, minmay_radiant, uniq_josephine

Skill      XL: |  1  2  3  4  5  6  7  8  9 10 |
---------------+-------------------------------+-----
Fighting       | 4 5 6 7 9 10 12 | 12.1
Maces & Flails | 3 4 5 6 8 10 11 | 11.8
Dodging        | 1 2 3 |  3.2
Armour         | 4 5 |  5.2
Stealth        | 1 2 4 5 |  5.1
Shields        | 4 5 6 7 |  7.8

Action                     |  1- 3 |  4- 6 |  7- 9 | 10-12 || total
---------------------------+-------+-------+-------+-------++-------
  Melee: Flail             |    79 |   134 |       |       ||   213
         Headbutt          |    12 |    18 |    40 |    27 ||    97
         Morningstar       |       |     2 |   101 |       ||   103
         Whip              |       |       |   115 |   116 ||   231
 Invoke: Potion Petition   |       |       |     1 |     4 ||     5
  Evoke: Wand              |       |       |       |     2 ||     2
    Use: Scroll            |       |       |     9 |     4 ||    13
         Potion            |       |       |     2 |     4 ||     6
   Stab: Invisible         |       |       |     3 |     5 ||     8
 Armour: Scale mail        |    38 |    56 |     6 |       ||   100
         Plate armour      |       |       |    99 |    34 ||   133
  Dodge: Dodged            |    23 |    60 |    53 |    14 ||   150
  Block: Buckler           |    16 |    36 |     7 |       ||    59
         Kite shield       |       |       |    80 |    40 ||   120

Table legend: (Time is in decaauts)
 A = Elapsed time spent in this place.
 B = Non-inter-level travel time spent in this place.
 C = Inter-level travel time spent in this place.
 D = Time resting spent in this place.
 E = Time spent auto-exploring this place.
 F = Levels seen in this place.
 G = Mean time per level.
                   A        B        C        D        E       F      G
               +--------+--------+--------+--------+--------+-----+--------+
         Total |  10324 |   9739 |    585 |   1484 |   6889 |  10 | 1032.4 |
       Dungeon |  10324 |   9739 |    585 |   1484 |   6889 |  10 | 1032.4 |
               +--------+--------+--------+--------+--------+-----+--------+

Top non-repeatable levels by time:
     D:8: 1769 daAuts
     D:4: 1500 daAuts
     D:9: 1443 daAuts
     D:6: 1322 daAuts
     D:7: 985 daAuts
     D:5: 900 daAuts
     D:1: 812 daAuts
     D:3: 810 daAuts
     D:2: 707 daAuts
    D:10: 72 daAuts
